 Dungeon Crawl Stone Soup version 0.28.0-53-g5a82cb258f (webtiles) character file.

Game seed: 5606080071386128056

183 ZappyNine the Ruffian (level 5, -1/44 HPs)
             Began as a Naga Transmuter on June 2, 2022.
             Slain by a water moccasin skeleton (6 damage)
             ... on level 5 of the Dungeon.
             The game lasted 00:09:18 (4501 turns).

ZappyNine the Ruffian (Naga Transmuter)             Turns: 4501, Time: 00:09:19

Health: -1/44      AC:  2    Str: 12 (13) XL:     5   Next: 62%
Magic:  18/18      EV:  9    Int: 14 (15) God:
Gold:   182        SH:  0    Dex: 10 (11) Spells: 3/9 levels left

rFire   . . .      SeeInvis +   g - +1 dagger (speed)
rCold   . . .      Faith    .   (no shield)
rNeg    . . .      Spirit   .   a - +0 robe
rPois   +          Reflect  .   (helmet restricted)
rElec   .          Harm     .   (no cloak)
rCorr   .          Rampage  .   (no gloves)
Will    .....                   (no barding)
Stlth   +.........              (no amulet)
HPRegen 0.14/turn               e - ring of magical power
MPRegen 0.16/turn               (no ring)

@: flying, hasted, quick
A: AC +1, large, see invisible, deformed body, poison resistance, slowness 2,
spit poison 1, naga tail 1, horns 1
a: Spit Poison


You were on level 5 of the Dungeon.
You visited 1 branch of the dungeon, and saw 5 of its levels.

You collected 182 gold pieces.

Inventory:

Hand Weapons
 g - a +1 dagger of speed (weapon)
Armour
 a - a +0 robe (worn)
 d - a +2 pair of gloves
Magical Staves
 l - a staff of earth
Jewellery
 e - a ring of magical power (left hand)
 q - a ring of positive energy
Wands
 r - a wand of flame (22)
Scrolls
 c - 6 scrolls of identify {unknown}
 h - a scroll of fear {unknown}
 j - 2 scrolls of enchant weapon {unknown}
 k - a scroll of magic mapping {unknown}
 n - 2 scrolls of immolation {unknown}
 o - a scroll of vulnerability {unknown}
 p - a scroll of brand weapon {unknown}
 s - a scroll of fog {unknown}
 t - a scroll of amnesia {unknown}
Potions
 i - 2 potions of degeneration


   Skills:
 + Level 1.5 Fighting
 - Level 1.5 Dodging
 * Level 4.3 Unarmed Combat
 + Level 2.8 Spellcasting
 - Level 3.3 Transmutations
 - Level 2.2 Poison Magic


You had 3 spell levels left.
You knew the following spells:

 Your Spells              Type           Power      Damage    Failure   Level
a - Beastly Appendage     Tmut           22%        N/A       5%          1
b - Wereblood             Tmut           11%        N/A       9%          2
c - Spider Form           Tmut/Pois      9%         N/A       22%         3

Your spell library contained the following spells:

 Spells                   Type           Power      Damage    Failure   Level
 Passwall                 Tmut/Erth      5%         N/A       17%         2
 Animate Skeleton         Necr           2%         N/A       22%         1
 Apportation              Tloc           2%         N/A       22%         1
 Sandblast                Erth           2%         2d4       22%         1
 Summon Small Mammal      Summ           4%         N/A       22%         1
 Stone Arrow              Conj/Erth      2%         3d7       54%         3
 Ice Form                 Ice/Tmut       6%         N/A       73%         4


Dungeon Overview and Level Annotations

Branches:
Dungeon (5/15)
 Temple: D:4-7

Altars:
Ashenzari
Fedhas


Innate Abilities, Weirdness & Mutations

Your serpentine skin is tough. (AC +1)
You have supernaturally acute eyesight. (SInv)
Armour fits poorly on your strangely shaped body.
Your system is resistant to poisons. (rPois)
You cover ground very slowly.
You can spit poison.
You have a snake-like lower body.
You have a pair of small horns on your head.


Message History

Your headbutt misses the water moccasin skeleton.
The water moccasin skeleton is moderately damaged.
The water moccasin skeleton closely misses you.
You barely miss the water moccasin skeleton.
You headbutt the water moccasin skeleton, but do no damage.
The water moccasin skeleton is moderately damaged.
You hit the water moccasin skeleton.
The water moccasin skeleton is heavily damaged.
Your transformation is almost over.
The water moccasin skeleton closely misses you.
You hit the water moccasin skeleton.
You headbutt the water moccasin skeleton!
The water moccasin skeleton is almost destroyed.
The water moccasin skeleton barely misses you.
You closely miss the water moccasin skeleton.
The water moccasin skeleton is almost destroyed.
The water moccasin skeleton bites you!
* * * LOW HITPOINT WARNING * * *
You hit the water moccasin skeleton.
You headbutt the water moccasin skeleton.
The water moccasin skeleton is almost destroyed.
The water moccasin skeleton bites you!
* * * LOW HITPOINT WARNING * * *
The water moccasin skeleton barely misses you.
The water moccasin skeleton bites you but does no damage.
It was a potion of degeneration.
There was something very wrong with that liquid.
You feel weakened.
You feel dopey.
You feel clumsy.
The water moccasin skeleton completely misses you.
It was a potion of mutation.
You feel extremely strange. The horns on your head grow some more.
The water moccasin skeleton bites you but does no damage.
It was a potion of flight.
You feel very buoyant.
You fly up into the air.
The water moccasin skeleton bites you.
* * * LOW HITPOINT WARNING * * *
It was a potion of haste.
You feel yourself speed up.
Your horns shrink.
The water moccasin skeleton bites you.
You die...

..........# P.........#
Z.P.......# ..........#
## ..........+ ..
..........####.####
###................
#.....!##...############
#....^......Z@.........#
#......##...##########.#
#...... #...# #.....#
#...... #...# #.#####
#...... #...# #.# .
#...######.######
#...............#
#....#####.####.# #....
#.# #.#


You could see a water moccasin skeleton.

Vanquished Creatures
  A bullfrog skeleton (D:4)
  Natasha (D:4)
  4 gnolls
  An adder (D:3)
  2 worms
  A dart slug (D:1)
  6 orcs
  3 ball pythons
  8 bats
  9 endoplasms
  2 giant cockroaches
  5 goblins
  4 hobgoblins (D:3)
  4 jackals (D:4)
  3 frilled lizards (D:3)
  9 kobolds
  5 rats
68 creatures vanquished.

Vanquished Creatures (others)
  3 plants (D:2)
  A withered plant (D:5)
4 creatures vanquished.

Grand Total: 72 creatures vanquished

Notes
Turn   | Place    | Note
-------+----------+-------------------------------------------
     0 | D:1      | ZappyNine the Naga Transmuter began the quest for the Orb.
     0 | D:1      | Reached XP level 1. HP: 18/18 MP: 3/3
     2 | D:1      | Noticed a draconian
     2 | D:1      | Noticed a human
     4 | D:1      | Noticed a felid
     4 | D:1      | Noticed a spriggan
     6 | D:1      | Noticed a demigod
     8 | D:1      | Noticed a gargoyle
     8 | D:1      | Noticed a troll
    14 | D:1      | Noticed a demonspawn
    16 | D:1      | Noticed a minotaur
    16 | D:1      | Noticed a ghoul
    18 | D:1      | Noticed a merfolk
    18 | D:1      | Noticed a dwarf
    20 | D:1      | Noticed a vine stalker
    20 | D:1      | Noticed an ogre
    22 | D:1      | Noticed a vampire
    24 | D:1      | Noticed a naga
    24 | D:1      | Noticed a formicid
    26 | D:1      | Noticed an elf
    26 | D:1      | Noticed an octopode
    32 | D:1      | Noticed a tengu
   489 | D:1      | Reached XP level 2. HP: 24/25 MP: 3/5
   625 | D:1      | Learned a level 2 spell: Wereblood
   991 | D:1      | Reached XP level 3. HP: 31/31 MP: 4/6
   995 | D:1      | Learned a level 3 spell: Spider Form
  1040 | D:1      | Found a faded altar of an unknown god.
  1640 | D:2      | Reached skill level 1 in Poison Magic
  2535 | D:3      | Found a broken altar of Ashenzari.
  2576 | D:3      | Reached XP level 4. HP: 32/38 MP: 7/7
  2589 | D:3      | Found a blossoming altar of Fedhas.
  3127 | D:3      | Reached skill level 4 in Unarmed Combat
  3699 | D:4      | Reached XP level 5. HP: 40/44 MP: 8/8
  4244 | D:4      | Noticed Natasha
  4255 | D:4      | Killed Natasha
  4437 | D:5      | Entered Level 5 of the Dungeon
  4499 | D:5      | Gained mutation: You have a pair of large horns on your
                  | head. [potion of mutation]
  4501 | D:5      | Slain by a water moccasin skeleton

Illustrated notes

Levels and vault maps discovered:
D:1:      kb_arrival_jail, layout_loops_cross, ebering_ecumenical_altar_webs,
          minmay_crystal_water, hangedman_decor_push, chequers_avenue,
          st_stairs_9
D:2:      layout_loops_ring, serial_bayou_ford_a, guppyfry_early_lair_pool
D:3:      layout_loops_cross, cheibrodos_ashenzari_chains,
          nicolae_overflow_crystal_walls, dk_noncrumbling_3,
          minmay_increasing_density
D:4:      kennysheep_big_flooded_room, layout_loops_ring, uniq_natasha
D:5:      layout_basic, serial_undead, serial_undead_e, serial_undead_e,
          serial_undead_d, serial_undead_b, minmay_manual_mares

Skill      XL: |  1  2  3  4 |
---------------+-------------+-----
Poison Magic   | 2 |  2.2
Unarmed Combat | 4 |  4.3
Transmutations | 3 |  3.3
Fighting       | |  1.5
Dodging        | |  1.5
Spellcasting   | |  2.8

Action                   |  1- 3 |  4- 6 || total
-------------------------+-------+-------++-------
Melee: Short sword       |    41 |       ||    41
       Unarmed           |    14 |    45 ||    59
       Headbutt          |    10 |     5 ||    15
       Dagger            |    58 |    70 ||   128
       Punch             |     1 |     1 ||     2
 Cast: Beastly Appendage |    19 |     6 ||    25
       Wereblood         |     3 |     4 ||     7
       Spider Form       |     1 |     4 ||     5
 Abil: Spit Poison       |     8 |     4 ||    12
  Use: Potion            |       |     4 ||     4
 Stab: Sleeping          |     1 |       ||     1
Armor: Robe              |    46 |    17 ||    63
       Skin              |       |     3 ||     3
Dodge: Dodged            |    70 |    65 ||   135
